 Dungeon Crawl Stone Soup version 0.31.0-1-g2c135a0 (webtiles) character file.

Game seed: 12359913281044552448

17902 Kel the Warrior (level 12, -19/121 HPs)
             Began as a Grey Draconian Berserker on Feb 9, 2024.
             Was a High Priest of Trog.
             Demolished by a titanic slime creature (73 damage)
             ... on level 12 of the Dungeon.
             The game lasted 00:42:18 (12541 turns).

Kel the Warrior (Grey Draconian Berserker)         Turns: 12541, Time: 00:42:19

Health: -19/121    AC: 16    Str: 26    XL:     12   Next: 23%
Magic:  0/12       EV: 16    Int: 13    God:    Trog [*****.]
Gold:   622        SH:  0    Dex: 12    Spells: 11/11 levels left

rFire   + . .        r - +1 dire flail (heavy)
rCold   . . .        (shield currently unavailable)
rNeg    . . .        (body armour unavailable)
rPois   .            (helmet restricted)
rElec   .            (no cloak)
rCorr   +            (no gloves)
SInv    .            s - +2 pair of boots
Will    .....        j - amulet of guardian spirit
Stlth   +            p - +6 ring of strength
HPRegen 0.40/turn    D - ring "Nylin" {rF+ rCorr Str-3 Int+5 Slay+4}
MPRegen 0.13/turn

%: guardian spirit
@: about to teleport, on berserk cooldown, slowed, studying Fighting, very slow
A: AC +13, amphibious, unfitting armour, cold-blooded
a: Renounce Religion, Berserk, Trog's Hand, Brothers in Arms


You were on level 12 of the Dungeon.
You worshipped Trog.
Trog was extremely pleased with you.
You visited 1 branch of the dungeon, and saw 12 of its levels.
You also visited: Bailey.

You collected 622 gold pieces.

Inventory:

Hand Weapons
 r - a +1 heavy dire flail (weapon)
 C - the +9 flail of World Downfall {flame, rPois rC+}
   (You found it on level 9 of the Dungeon)

   rC+:       It protects you from cold.
   rPois:     It protects you from poison
Missiles
 t - 5 throwing nets (quivered)
Armour
 s - a +2 pair of boots (worn)
Jewellery
 j - an amulet of guardian spirit (around neck)
 p - a +6 ring of strength (left hand)
 q - a +5 ring of evasion
 B - a ring of protection from fire
 D - the ring "Nylin" (right hand) {rF+ rCorr Str-3 Int+5 Slay+4}
   (You found it on level 9 of the Dungeon)

   [ring of slaying]

   Str-3:     It affects your strength (-3).
   Int+5:     It affects your intelligence (+5).
   Slay+4:    It affects your accuracy & damage with ranged weapons and melee
   (+4).
   rF+:       It protects you from fire.
   rCorr:     It protects you from acid and corrosion.
 M - a ring of ice
 P - an amulet of regeneration
 Q - a ring of positive energy
 R - a ring of willpower
Talismans
 i - a serpent talisman
 v - a flux talisman
Wands
 a - a wand of charming (11)
 k - a wand of acid (9)
 F - a wand of iceblast (1)
Scrolls
 b - 2 scrolls of torment
 e - 3 scrolls of noise {unknown}
 g - 2 scrolls of vulnerability
 h - 3 scrolls of poison
 l - 9 scrolls of teleportation
 x - 2 scrolls of immolation
 y - a scroll of enchant armour
 A - a scroll of revelation {unknown}
 E - a scroll of butterflies {unknown}
 G - a scroll of brand weapon {unknown}
 I - a scroll of fog {unknown}
 K - 2 scrolls of amnesia {unknown}
 N - a scroll of silence {unknown}
 O - 2 scrolls of identify
 T - 2 scrolls of acquirement {unknown}
Potions
 c - 2 potions of mutation
 d - a potion of ambrosia
 f - 3 potions of haste
 m - 2 potions of cancellation
 n - a potion of lignification
 o - a potion of resistance
 u - a potion of enlightenment {unknown}
 w - a potion of berserk rage {unknown}
 z - a potion of attraction {unknown}
 H - a potion of brilliance {unknown}
 J - a potion of heal wounds
 L - a potion of experience
 S - a potion of might {unknown}


   Skills:
 + Level 15.2 Fighting
 + Level 12.2 Maces & Flails
 + Level 10.9 Dodging


You had 11 spell levels left.
You didn't know any spells.
Your spell library was empty.

Dungeon Overview and Level Annotations

Branches:
Dungeon (12/15)            Temple (0/1) D:5            Lair (0/5) D:10
    Orc (0/2) D:11         Bailey (visited)

Altars:
Kikubaaqudgha
Vehumet
Yredelemnul
Zin

Shops:
D:6 :

Annotations:
D:3 2 transporters, asd2613's ghost, amateur DrCj
D:5 3 runed translucent doors, Yah's ghost, amateur GnCA


Innate Abilities, Weirdness & Mutations

Your dull iron-grey scales are very hard. (AC +13)
You are amphibious.
You cannot fit into any form of body armour.
You are cold-blooded and may be slowed by cold attacks.


Message History

You hammer the large slime creature like a gong!!!
You tail-slap the large slime creature!
The large slime creature is severely wounded.
You skewer the deep elf pyromancer like a kebab!!!
The deep elf pyromancer is almost dead.
The slime creature hits you.
The deep elf pyromancer hits you with a +0 long sword!
The large slime creature hits you!!
You miss the deep elf pyromancer.
Your tail-slap misses the deep elf pyromancer.
The deep elf pyromancer is almost dead.
The slime creature hits you!
The deep elf pyromancer gestures wildly while chanting.
The large slime creature misses you.
A slime creature comes into view.
Two slime creatures merge to form an enormous slime creature.
The large slime creature hits you!!
The slime creature quivers.
You flatten the deep elf pyromancer like a pancake!!!
You kill the deep elf pyromancer!
Trog accepts your kill. Trog grants you a weapon!
Something appears at your feet!
You see here a +6 battleaxe of flaming.
Trog appreciates your killing of a magic user.
The fire elemental disappears in a puff of smoke! x2
You are too berserk!
You thump the enormous slime creature!
The enormous slime creature is heavily wounded.
You are no longer berserk.
You are exhausted.
You feel yourself slow down.
The slime creature hits you but does no damage.
The large slime creature hits you!
Two slime creatures merge to form a titanic slime creature.
As you read the scroll of teleportation, it crumbles to dust.
You feel strangely unstable.
The slime creature hits you but does no damage.
The titanic slime creature hits you!!!!
Ouch! That really hurt!
You die...

#.....# #....#
#.....# #....#
#.....# ###.##
.###### ##.####
#### +.....# #...
#.....# #...
##...## #...
##.#####+####...##
#...
..?.J.J@.'.......#
##..
......JJ)#.......#
##..
...!....ยง#.......#
#...
#####....#.......#
#... ####+##.....##
#... ####### #...
#... ##.. #...


You could see a titanic slime creature, a large slime creature and 2 slime
creatures.

Vanquished Creatures
  2 slime creatures (D:12)
  A death knight (D:11)
  Erolcha (D:11)
  An ogre mage (D:10)
  2 two-headed ogres
  2 boulder beetles
  Nergalle (D:11)
  A phantasmal warrior (D:10)
  An orc knight (Bailey)
  Pikel (D:9)
  A deep elf pyromancer (D:12)
  A manticore (D:11)
  Joseph (D:8)
  An unseen horror (D:12)
  A kobold demonologist (D:12)
  Psyche (D:8)
  A troll (shapeshifter) (D:10)
  4 trolls
  9 yaks
  3 wraiths
  A wyvern (D:10)
  A warg (D:11)
  3 vampire mosquitoes
  A steam dragon (D:8)
  A water moccasin (D:4)
  3 acid dragons
  11 orc warriors
  A black bear (D:4)
  A sky beast (D:6)
  2 ogres
  3 centaurs
  A phantom (D:4)
  2 bullfrogs (D:7)
  3 kobold brigands
  2 gnoll sergeants
  A scorpion (D:5)
  A water moccasin zombie (D:5)
  29 killer bees
  A howler monkey (D:6)
  2 bombardier beetles
  2 bullfrog zombies (D:5)
  A jelly (D:7)
  12 orc priests
  3 hounds
  2 gnoll boudas
  8 iguanas
  11 orc wizards
  4 sleepcaps
  A scorpion zombie (D:5)
  A hound zombie (D:5)
  A howler monkey zombie (D:5)
  16 gnolls
  5 adders
  2 shadow imps (D:7)
  4 white imps
  2 ufetubi (D:6)
  A ribbon worm (D:2)
  2 dart slugs
  54 orcs
  7 ball pythons
  8 endoplasms
  4 giant cockroaches
  12 goblins
  8 hobgoblins
  3 jackals (D:2)
  23 kobolds
  6 quokkas
  6 bats
  5 frilled lizards
  7 rats
327 creatures vanquished.

Vanquished Creatures (others)
  A kobold (D:9)
1 creature vanquished.

Grand Total: 328 creatures vanquished

Notes
Turn   | Place    | Note
-------+----------+-------------------------------------------
     0 | D:1      | Kel the Draconian Berserker began the quest for the Orb.
     0 | D:1      | Reached XP level 1. HP: 19/19 MP: 1/1
   188 | D:1      | Reached XP level 2. HP: 19/26 MP: 2/2
   381 | D:1      | Reached skill level 4 in Fighting
   453 | D:1      | Reached XP level 3. HP: 31/33 MP: 3/3
   478 | D:1      | Reached ** piety under Trog
   951 | D:2      | Reached XP level 4. HP: 41/41 MP: 4/4
  1612 | D:3      | Found a transporter.
  1614 | D:3      | Noticed asd2613's ghost (amateur DrCj)
  1809 | D:3      | Found a transporter.
  2161 | D:4      | Reached XP level 5. HP: 47/47 MP: 5/5
  2198 | D:4      | Noticed a phantom
  2210 | D:4      | Killed a phantom
  2211 | D:4      | Reached skill level 5 in Fighting
  2239 | D:4      | Noticed a black bear
  2248 | D:4      | Killed a black bear
  2249 | D:4      | Reached XP level 6. HP: 56/56 MP: 6/6
  2387 | D:4      | Reached skill level 5 in Maces & Flails
  2402 | D:4      | Reached *** piety under Trog
  3354 | D:5      | Entered Level 5 of the Dungeon
  3356 | D:5      | Noticed a water moccasin
  3378 | D:4      | Killed a water moccasin
  3379 | D:4      | Reached skill level 6 in Fighting
  3379 | D:4      | Your scales start taking on a dull iron-grey colour.
  3379 | D:4      | Reached XP level 7. HP: 6/63 MP: 4/7
  3381 | D:4      | HP: 3/63 [poisoned by a water moccasin]
  3382 | D:4      | HP: 1/63 [poisoned by a water moccasin]
  3856 | D:5      | Reached skill level 7 in Fighting
  3856 | D:5      | Reached skill level 5 in Dodging
  3858 | D:5      | Found a basalt altar of Yredelemnul.
  3876 | D:5      | Reached XP level 8. HP: 73/73 MP: 8/8
  3908 | D:5      | Found a staircase to the Ecumenical Temple.
  3935 | D:5      | Found a runed translucent gate.
  3935 | D:5      | Found a runed translucent gate.
  3948 | D:5      | Identified the +0 chain mail of Vanity {Will+ Str+3}
  3949 | D:5      | Noticed Yah's ghost (amateur GnCA)
  3950 | D:5      | Found a runed translucent gate.
  4390 | D:5      | Identified the +3 whip of Vivenk {pain, Dex+2}
  4414 | D:6      | Found a glowing silver altar of Zin.
  4999 | D:6      | Found Womp's Book Shoppe.
  5287 | D:6      | Reached skill level 8 in Fighting
  5667 | D:7      | Reached **** piety under Trog
  5673 | D:7      | Noticed a troll
  5690 | D:7      | Killed a troll
  5754 | D:7      | Reached XP level 9. HP: 75/82 MP: 9/9
  6298 | D:7      | Reached skill level 9 in Fighting
  6399 | D:8      | Noticed Joseph
  6407 | D:8      | Killed Joseph
  6491 | D:8      | Noticed Psyche
  6496 | D:8      | Killed Psyche
  7023 | D:8      | Found an ancient bone altar of Kikubaaqudgha.
  7027 | D:8      | Found a radiant altar of Vehumet.
  7122 | D:8      | Reached skill level 10 in Fighting
  7186 | D:9      | Noticed a troll
  7195 | D:8      | Reached XP level 10. HP: 93/93 MP: 10/10
  7521 | D:9      | Identified the +9 flail of World Downfall {flame, rPois
                  | rC+}
  7714 | D:9      | Noticed Pikel
  7725 | D:9      | Killed Pikel
  8189 | D:9      | Identified the ring "Nylin" {rF+ rCorr Str-3 Int+5 Slay+4}
  8221 | D:10     | Entered Level 10 of the Dungeon
  8238 | D:10     | Identified the +1 leather armour of the Sea {Str+2 Dex+2}
  8245 | D:10     | Reached ***** piety under Trog
  8539 | D:10     | Found a flagged portal.
  8555 | Bailey   | Entered a bailey
  8714 | Bailey   | Reached skill level 11 in Fighting
  8767 | Bailey   | Reached skill level 10 in Maces & Flails
  8885 | Bailey   | Noticed an orc knight
  8906 | Bailey   | Killed an orc knight
  9366 | D:10     | Found a staircase to the Lair.
  9493 | D:10     | Noticed an ogre mage
  9652 | D:10     | Killed an ogre mage
  9653 | D:10     | Reached XP level 11. HP: 104/104 MP: 9/11
  9725 | D:11     | Noticed a death knight
  9725 | D:11     | Noticed a phantasmal warrior
  9731 | D:10     | Killed a phantasmal warrior
  9732 | D:10     | Reached skill level 12 in Fighting
 10170 | D:11     | Found a staircase to the Orcish Mines.
 10438 | D:11     | Noticed Nergalle
 10448 | D:11     | Killed Nergalle
 10617 | D:11     | Reached skill level 13 in Fighting
 10827 | D:11     | Noticed a boulder beetle
 10839 | D:11     | Killed a boulder beetle
 10939 | D:11     | Killed a death knight
 10940 | D:11     | Reached skill level 10 in Dodging
 11001 | D:11     | Noticed a two-headed ogre
 11128 | D:10     | Killed a two-headed ogre
 11251 | D:10     | Noticed a boulder beetle
 11261 | D:10     | Killed a boulder beetle
 11262 | D:10     | Reached skill level 14 in Fighting
 11537 | D:11     | Noticed Erolcha
 11545 | D:11     | Killed Erolcha
 11880 | D:12     | Noticed a two-headed ogre
 11885 | D:12     | Killed a two-headed ogre
 11886 | D:12     | Reached XP level 12. HP: 100/118 MP: 8/12
 12377 | D:12     | Reached skill level 15 in Fighting
 12539 | D:12     | Received a gift from Trog
 12541 | D:12     | Demolished by a titanic slime creature

Illustrated notes

Levels and vault maps discovered:
D:1:      dpeg_arrival_concentric_ovals, layout_basic
D:2:      layout_rooms, corexii_hall_statues_u,
          hangedman_abyss_or_decor_lesser_grid
D:3:      layout_loops_ring, gammafunk_ghost_mausoleum,
          minmay_misc_feat_columns, corexii_leaking_fountain,
          minmay_statues_item, hex_large, kennysheep_big_empty_room
D:4:      layout_layer_cave, kennysheep_small_square
D:5:      layout_basic, nicolae_yredelemnul_corpse_copse,
          minmay_temple_entry_large_hall, biasface_ghost_orc_armoury,
          minivault_26
D:6:      layout_loops_ring, mainiacjoe_overflow_cross_hatched, serial_shops,
          shop, lexackson_kobold_supper
D:7:      layout_rooms, chequers_serial_rivers_micro_c,
          chequers_serial_rivers_large_b
D:8:      layout_cave_pools, grunt_temple_overflow_open, hangedman_decor_push,
          uniq_psyche, uniq_joseph
D:9:      layout_roguey, uniq_pikel
D:10:     layout_cave_pods, lair_entry_dummy, enter_bailey_4, grunt_tough_drop
D:11:     layout_cave_pools, david_orc_3, serial_column_ruins,
          column_ruins_open_tiny, column_ruins_grid_2, column_ruins_open_small,
          column_ruins_open_small_water, column_ruins_corridor_dead_end,
          column_ruins_open_tiny, column_ruins_columns_corner, uniq_erolcha,
          uniq_nergalle
D:12:     layout_gridville

Skill      XL: |  1  2  3  4  5  6  7  8  9 10 11 12 |
---------------+-------------------------------------+-----
Fighting       | 4 5 6 7 8 10 11 14 15 | 15.2
Maces & Flails | 4 5 6 7 9 10 11 12 | 12.2
Dodging        | 3 4 5 6 7 9 10 | 10.9

Action                     |  1- 3 |  4- 6 |  7- 9 | 10-12 || total
---------------------------+-------+-------+-------+-------++-------
  Melee: Mace              |   113 |   158 |   218 |       ||   489
         Tailslap          |    17 |    21 |    54 |    47 ||   139
         Punch             |       |     2 |     5 |     3 ||    10
         Morningstar       |       |       |   222 |    36 ||   258
         Flail             |       |       |       |   181 ||   181
         Dire flail        |       |       |       |   140 ||   140
  Throw: Throwing net      |       |       |     3 |       ||     3
 Invoke: Berserk           |       |     2 |     8 |    10 ||    20
         Trog's Hand       |       |       |     2 |       ||     2
  Evoke: Wand              |       |       |       |     2 ||     2
    Use: Scroll            |       |       |    12 |     7 ||    19
         Potion            |       |       |     2 |     5 ||     7
   Stab: Sleeping          |       |     1 |     2 |     1 ||     4
 Armour: Skin              |    75 |   104 |   279 |   373 ||   831
  Dodge: Dodged            |    77 |   106 |   601 |   453 ||  1237
